PUBA
BETHESDA GAMERS @ RED SPRINGS RED ROBINS
04/11/1972
 
TOP OF THE 1ST
Bethesda Gamers batting - Pitching for Red Springs Red Robins : RHP Ken Dwyer
Pitching: RHP Ken Dwyer
Batting: RHB Mike Hayes 0-0: Swinging Strike
0-1: Called Strike
0-2: Strikes out swinging
Batting: LHB Denny Doyle 0-0: Called Strike
0-1: Called Strike
0-2: Strikes out looking
Batting: LHB José Velázquez 0-0: Called Strike
0-1: Called Strike
0-2: Ball
1-2: Strikes out looking
Top of the 1st over - 0 runs, 0 hits, 0 errors, 0 left on base; Bethesda 0 - Red Springs 0
BOTTOM OF THE 1ST
Red Springs Red Robins batting - Pitching for Bethesda Gamers : RHP John McDonald
Pitching: RHP John McDonald
Batting: LHB Cliff Cannon 0-0: Foul Ball, location: 25F
0-1: Foul Ball, location: 2F
0-2: Ball
1-2: Ball
2-2: Ball
3-2: SINGLE (Line Drive, 5D, EV 103.8 MPH)
Batting: RHB Bert Campaneris 0-0: Ball
Cliff Cannon steals 2nd base
1-0: Ball
2-0: Foul Ball, location: 2RF
2-1: SINGLE (Groundball, 34D, EV 98.1 MPH)
Cliff Cannon to third
Batting: RHB Jeff Burroughs 0-0: Foul Ball, location: 9LDF
0-1: Ball
1-1: Swinging Strike
1-2: 3-RUN HOME RUN (Flyball, 7D, EV 96.3 MPH), Distance : 370 ft
Batting: LHB Ronald Kelly 0-0: SINGLE (Groundball, 34, EV 98.1 MPH)
Batting: RHB Oscar Norris 0-0: Grounds into double play, 5-4-3 (Groundball, 56, EV 89.4 MPH)
Batting: RHB Ron Brand 0-0: Ball
1-0: Swinging Strike
1-1: Called Strike
1-2: Ball
2-2: Strikes out swinging
Bottom of the 1st over - 3 runs, 4 hits, 0 errors, 0 left on base; Bethesda 0 - Red Springs 3
TOP OF THE 2ND
Bethesda Gamers batting - Pitching for Red Springs Red Robins : RHP Ken Dwyer
Batting: LHB Kendrick Wolf 0-0: Called Strike
0-1: Ball
1-1: Called Strike
1-2: Ground out 4-3 (Groundball, 4, EV 82.5 MPH)
Batting: LHB Jim Spencer 0-0: Ball
1-0: Called Strike
1-1: DOUBLE (Line Drive, 7LM, EV 102.5 MPH)
Batting: SHB Roger Metzger 0-0: Ball
1-0: DOUBLE (Flyball, 8LD, EV 93.1 MPH)
Jim Spencer scores
Batting: RHB Bob Heise 0-0: Called Strike
0-1: Ball
1-1: Swinging Strike
1-2: Strikes out swinging
Batting: RHB John Coleman 0-0: Called Strike
0-1: Called Strike
0-2: Ball
1-2: Ball
2-2: Fly out, F9 (Flyball, 89M, EV 96.3 MPH)
Top of the 2nd over - 1 run, 2 hits, 0 errors, 1 left on base; Bethesda 1 - Red Springs 3
BOTTOM OF THE 2ND
Red Springs Red Robins batting - Pitching for Bethesda Gamers : RHP John McDonald
Batting: RHB Enzo Hernandez 0-0: Ball
1-0: Foul Ball, location: 3FF
1-1: Foul Ball, location: 2RF
1-2: Foul Ball, location: 2F
1-2: Ball
2-2: SINGLE (Groundball, 56S, EV 68.1 MPH) (infield hit)
Batting: RHB Tony López 0-0: Fielders Choice at 2nd, 5-4 (Groundball, 5, EV 86.9 MPH)
Batting: LHB Wayne Garrett 0-0: Called Strike
0-1: Ball
1-1: Foul Ball, location: 2F
1-2: Strikes out looking
Batting: LHB Cliff Cannon 0-0: Foul Ball, location: 3FF
0-1: Ball
1-1: Called Strike
1-2: Strikes out swinging
Bottom of the 2nd over - 0 runs, 1 hit, 0 errors, 1 left on base; Bethesda 1 - Red Springs 3
TOP OF THE 3RD
Bethesda Gamers batting - Pitching for Red Springs Red Robins : RHP Ken Dwyer
Batting: SHB Vincent Hilton 0-0: Ball
1-0: Foul Ball, location: 9LDF
1-1: Ball
2-1: SINGLE (Groundball, 4MD, EV 97.5 MPH)
Batting: RHB Mike Hayes 0-0: Ball
1-0: SINGLE (Line Drive, 8RS, EV 96.9 MPH)
Vincent Hilton to second
Batting: LHB Denny Doyle 0-0: Ball
1-0: Ball
2-0: Ball
3-0: Base on Balls
Vincent Hilton to third
Mike Hayes to second
Batting: LHB José Velázquez 0-0: Ball
1-0: Ball
2-0: Ball
3-0: Swinging Strike
3-1: Swinging Strike
3-2: Strikes out looking
Batting: LHB Kendrick Wolf 0-0: Called Strike
0-1: Foul Ball, location: 3F
0-2: Strikes out swinging
Batting: LHB Jim Spencer 0-0: Ball
1-0: Swinging Strike
1-1: Ball
2-1: Swinging Strike
2-2: Strikes out swinging
Top of the 3rd over - 0 runs, 2 hits, 0 errors, 3 left on base; Bethesda 1 - Red Springs 3
BOTTOM OF THE 3RD
Red Springs Red Robins batting - Pitching for Bethesda Gamers : RHP John McDonald
Batting: RHB Bert Campaneris 0-0: Called Strike
0-1: Ball
1-1: Foul Ball, location: 2F
1-2: Fly out, F8 (Flyball, 89D, EV 99.4 MPH)
Batting: RHB Jeff Burroughs 0-0: Ball
1-0: Ball
2-0: Ball
3-0: Base on Balls
Batting: LHB Ronald Kelly 0-0: Foul Ball, location: 7LSF
0-1: Foul Ball, location: 2LF
0-2: Hit by Pitch
Jeff Burroughs to second
Batting: RHB Oscar Norris 0-0: Called Strike
0-1: Hit by Pitch
Jeff Burroughs to third
Ronald Kelly to second
Batting: RHB Ron Brand 0-0: Ball
1-0: Foul Ball, location: 9LMF
1-1: Fly out, F7 (Flyball, 7S, EV 89.4 MPH)
Batting: RHB Enzo Hernandez 0-0: Ball
1-0: DOUBLE (Line Drive, 7LM, EV 106.3 MPH)
Jeff Burroughs scores
Ronald Kelly scores
Oscar Norris to third
Runner from 3rd tries for Home, SAFE, throw by LF to trailing runner, SAFE at third!
Batting: RHB Tony López 0-0: Called Strike
0-1: Foul Ball, location: 3SF
0-2: Strikes out swinging
Bottom of the 3rd over - 3 runs, 1 hit, 0 errors, 1 left on base; Bethesda 1 - Red Springs 6
TOP OF THE 4TH
Bethesda Gamers batting - Pitching for Red Springs Red Robins : RHP Ken Dwyer
Batting: SHB Roger Metzger 0-0: Called Strike
0-1: Called Strike
0-2: Ball
1-2: Ball
2-2: Ball
3-2: Foul Ball, location: 25FF
3-2: Fly out, F7 (Flyball, 7LMF, EV 97.5 MPH)
Batting: RHB Bob Heise 0-0: Ball
1-0: TRIPLE (Flyball, 7D, EV 103.1 MPH)
Batting: RHB John Coleman 0-0: Swinging Strike
0-1: Ball
Wild Pitch!
Bob Heise scores
1-1: Foul Ball, location: 23F
1-2: Strikes out swinging
Batting: SHB Vincent Hilton 0-0: Ball
1-0: Ball
2-0: SINGLE (Flyball, 3D, EV 93.1 MPH)
Batting: RHB Mike Hayes 0-0: Single, Error in OF, E8, batter to second base (Groundball, 6MD, EV 104.4 MPH)
Vincent Hilton to third
Batting: LHB Denny Doyle 0-0: Ball
1-0: Ground out 5-3 (Groundball, 56S, EV 68.1 MPH)
Top of the 4th over - 1 run, 3 hits, 1 error, 2 left on base; Bethesda 2 - Red Springs 6
BOTTOM OF THE 4TH
Red Springs Red Robins batting - Pitching for Bethesda Gamers : RHP John McDonald
Pitching: LHP Alfonso Medrano
Batting: LHB Wayne Garrett 0-0: Foul Ball, location: 3FF
0-1: Ball
1-1: SINGLE (Groundball, 34D, EV 97.5 MPH)
Batting: LHB Cliff Cannon 0-0: Ball
1-0: Foul Ball, location: 7LDF
1-1: Fly out, F7 (Flyball, 7S, EV 83.1 MPH)
Batting: RHB Bert Campaneris 0-0: Ball
1-0: Ball
2-0: Called Strike
2-1: Ball
3-1: Swinging Strike
3-2: Strikes out looking
Batting: RHB Jeff Burroughs 0-0: Foul Ball, location: 7LSF
0-1: Foul Ball, location: 23FF
0-2: Ball
1-2: Ball
2-2: Foul Ball, location: 2RF
2-2: Ball
3-2: Fly out, F8 (Flyball, 8LD, EV 91.9 MPH)
Bottom of the 4th over - 0 runs, 1 hit, 0 errors, 1 left on base; Bethesda 2 - Red Springs 6
TOP OF THE 5TH
Bethesda Gamers batting - Pitching for Red Springs Red Robins : RHP Ken Dwyer
Batting: LHB José Velázquez 0-0: Called Strike
0-1: Called Strike
0-2: Ball
1-2: Foul Ball, location: 2F
1-2: Foul Ball, location: 2F
1-2: Ball
2-2: Fly out, F9 (Flyball, 89M, EV 93.8 MPH)
Batting: LHB Kendrick Wolf 0-0: Ball
1-0: Fly out, F4 (Popup, 4M, EV 76.3 MPH)
Batting: LHB Jim Spencer 0-0: Fly out, F7 (Flyball, 78M, EV 76.9 MPH)
Top of the 5th over - 0 runs, 0 hits, 0 errors, 0 left on base; Bethesda 2 - Red Springs 6
BOTTOM OF THE 5TH
Red Springs Red Robins batting - Pitching for Bethesda Gamers : LHP Alfonso Medrano
Batting: LHB Ronald Kelly 0-0: Foul Ball, location: 3F
0-1: SOLO HOME RUN (Flyball, 89XD, EV 98.8 MPH), Distance : 402 ft
Batting: RHB Oscar Norris 0-0: Ball
1-0: Ball
2-0: Called Strike
2-1: Called Strike
2-2: Fly out, F7 (Flyball, 78M, EV 91.9 MPH)
Batting: RHB Ron Brand 0-0: Ground out 2-3 (Groundball, 2L, EV 70.0 MPH)
Batting: RHB Enzo Hernandez 0-0: Called Strike
0-1: Ground out 6-3 (Groundball, 6, EV 103.8 MPH)
Bottom of the 5th over - 1 run, 1 hit, 0 errors, 0 left on base; Bethesda 2 - Red Springs 7
TOP OF THE 6TH
Bethesda Gamers batting - Pitching for Red Springs Red Robins : RHP Ken Dwyer
Batting: SHB Roger Metzger 0-0: Ball
1-0: Ball
2-0: Ball
3-0: Called Strike
3-1: Called Strike
3-2: Foul Ball, location: 7LMF
3-2: Ground out 5-3 (Groundball, 56, EV 98.8 MPH)
Batting: RHB Bob Heise 0-0: Ball
1-0: Ball
2-0: Swinging Strike
2-1: Ball
3-1: Called Strike
3-2: Foul Ball, location: 7LMFF
3-2: Base on Balls
Batting: RHB John Coleman 0-0: Swinging Strike
0-1: Ball
1-1: Ball
2-1: Called Strike
2-2: Strikes out swinging
Batting: SHB Vincent Hilton 0-0: Called Strike
0-1: Ball
1-1: Ball
2-1: Ball
3-1: Ground out 4-3 (Groundball, 34S, EV 86.3 MPH)
Top of the 6th over - 0 runs, 0 hits, 0 errors, 1 left on base; Bethesda 2 - Red Springs 7
BOTTOM OF THE 6TH
Red Springs Red Robins batting - Pitching for Bethesda Gamers : LHP Alfonso Medrano
Batting: RHB Tony López 0-0: Ball
1-0: Swinging Strike
1-1: Ball
2-1: Fly out, F7 (Flyball, 7S, EV 86.9 MPH)
Batting: LHB Wayne Garrett 0-0: Called Strike
0-1: Ball
1-1: Ball
2-1: Called Strike
2-2: Strikes out looking
Batting: LHB Cliff Cannon 0-0: Called Strike
0-1: Ball
1-1: Ball
2-1: Ball
3-1: Base on Balls
Batting: RHB Bert Campaneris 0-0: Called Strike
Cliff Cannon steals 2nd base (no throw)
0-1: Ball
1-1: Ball
2-1: Swinging Strike
2-2: Ball
3-2: Strikes out swinging
Bottom of the 6th over - 0 runs, 0 hits, 0 errors, 1 left on base; Bethesda 2 - Red Springs 7
TOP OF THE 7TH
Bethesda Gamers batting - Pitching for Red Springs Red Robins : RHP Ken Dwyer
Batting: RHB Mike Hayes 0-0: Ball
1-0: Ball
2-0: Foul Ball, location: 23F
2-1: Ball
3-1: Base on Balls
Pitching: RHP Ray Jarvis
Batting: LHB Denny Doyle 0-0: Foul Ball, location: 25F
0-1: Grounds into double play, 4-6-3 (Groundball, 4M, EV 84.4 MPH)
Batting: LHB José Velázquez 0-0: Called Strike
0-1: Ball
1-1: Foul Ball, location: 7LMF
1-2: Ground out 5-3 (Groundball, 56, EV 93.1 MPH)
Top of the 7th over - 0 runs, 0 hits, 0 errors, 0 left on base; Bethesda 2 - Red Springs 7
BOTTOM OF THE 7TH
Red Springs Red Robins batting - Pitching for Bethesda Gamers : LHP Alfonso Medrano
Batting: RHB Jeff Burroughs 0-0: Swinging Strike
0-1: Fly out, F7 (Flyball, 7LSF, EV 93.1 MPH)
Batting: LHB Ronald Kelly 0-0: Ball
1-0: DOUBLE (Line Drive, 7LD, EV 98.8 MPH)
Batting: RHB Oscar Norris 0-0: Swinging Strike
0-1: Swinging Strike
0-2: Strikes out swinging
Batting: RHB Ron Brand 0-0: Ball
1-0: Ground out U3 (Groundball, 34, EV 85.6 MPH)
Bottom of the 7th over - 0 runs, 1 hit, 0 errors, 1 left on base; Bethesda 2 - Red Springs 7
TOP OF THE 8TH
Bethesda Gamers batting - Pitching for Red Springs Red Robins : RHP Ray Jarvis
Batting: LHB Kendrick Wolf 0-0: Ground out U3 (Groundball, 3, EV 83.8 MPH)
Batting: LHB Jim Spencer 0-0: Ball
1-0: Swinging Strike
1-1: Ball
2-1: Foul Ball, location: 2F
2-2: Ball
3-2: DOUBLE (Line Drive, 78D, EV 94.4 MPH)
Batting: SHB Roger Metzger 0-0: Ball
1-0: Ground out U3 (Groundball, 3L, EV 85.6 MPH)
Jim Spencer to third
Pitching: LHP Irwin MacDonald
Batting: RHB Bob Heise 0-0: Called Strike
0-1: Ball
1-1: Called Strike
1-2: Strikes out swinging, 2-3 out at first.
Top of the 8th over - 0 runs, 1 hit, 0 errors, 1 left on base; Bethesda 2 - Red Springs 7
BOTTOM OF THE 8TH
Red Springs Red Robins batting - Pitching for Bethesda Gamers : LHP Alfonso Medrano
Batting: RHB Enzo Hernandez 0-0: Ball
1-0: Ground out 3-1 (Groundball, 34, EV 106.9 MPH)
Batting: RHB Tony López 0-0: Called Strike
0-1: Called Strike
0-2: Fly out, F7 (Flyball, 78S, EV 83.8 MPH)
Batting: LHB Wayne Garrett 0-0: Called Strike
0-1: Fly out, F7 (Flyball, 78D, EV 98.1 MPH)
Bottom of the 8th over - 0 runs, 0 hits, 0 errors, 0 left on base; Bethesda 2 - Red Springs 7
TOP OF THE 9TH
Bethesda Gamers batting - Pitching for Red Springs Red Robins : LHP Irwin MacDonald
Batting: RHB John Coleman 0-0: Called Strike
0-1: Foul Ball, location: 2LF
0-2: Ball
1-2: Ball
2-2: Ball
3-2: Foul Ball, location: 7LSFF
3-2: Base on Balls
Batting: SHB Vincent Hilton 0-0: Foul Ball, location: 2F
0-1: Ball
1-1: Fly out, F6 (Popup, 4MD, EV 51.9 MPH)
Batting: RHB Mike Hayes 0-0: Swinging Strike
0-1: Ball
1-1: Foul Ball, location: 2F
1-2: Grounds into double play, 6-4-3 (Groundball, 6S, EV 90.0 MPH)
Top of the 9th over - 0 runs, 0 hits, 0 errors, 0 left on base; Bethesda 2 - Red Springs 7
Friday, February 23rd , 2024 - OOTP Baseball 24.8 Build 75